 Dungeon Crawl Stone Soup version 0.17-a0-1132-g5dd4065 (console) character file.

955 Monkaria the Carver (level 7, -10/54 HPs)
             Began as a Demonspawn Chaos Knight on May 25, 2015.
             Mangled by an ogre
             ... wielding a +0 giant club
              (24 damage)
             ... on level 6 of the Dungeon.
             The game lasted 00:14:04 (5498 turns).

Monkaria the Carver (Demonspawn Chaos Knight)       Turns: 5498, Time: 00:14:05

Health: -10/54     AC: 14    Str: 12    XL:     7   Next: 91%
Magic:  7/7        EV: 11    Int:  9    God:    Xom [*.....]
Gold:   261        SH:  0    Dex: 13    Spells: 0 memorised, 6 levels left

rFire  + . .     SeeInvis .     a - +1 falchion (chaos)
rCold  + . .     Clarity  .     l - +3 leather armour {MR+}
rNeg   . . .     SustAt   .     (no shield)
rPois  +         Gourm    .     (helmet restricted)
rElec  +         Spirit   .     (no cloak)
rCorr  +         Warding  .     p - +0 pair of gloves
rMut   .         Stasis   .     B - +0 pair of boots
MR     +....                    y - amulet of rage
Stlth  +.........               (no ring)
                                (no ring)

@: resistant, somewhat resistant to hostile enchantments, very unstealthy
A: horns 1, iridescent scales 2, blurry vision 1, dopey 2, poison resistance,
weak 1, MP-powered wands
a: Renounce Religion, Evoke Berserk Rage


You were on level 6 of the Dungeon.
You worshipped Xom.
You were a special plaything of Xom.
You were not hungry.

You visited 1 branch of the dungeon, and saw 6 of its levels.

You collected 478 gold pieces.
You spent 217 gold pieces at shops.

Inventory:

Hand weapons
 a - a +1 falchion of chaos (weapon)
 F - a +0 blowgun
Missiles
 e - 32 poisoned needles
 E - 9 curare-tipped needles
Armour
 l - a +3 leather armour of magic resistance (worn)
 p - a +0 pair of gloves (worn)
 B - a +0 pair of boots (worn)
Jewellery
 h - an uncursed ring of protection from cold {unknown}
 w - an uncursed ring of fire
 y - an amulet of rage (around neck)
 D - an uncursed amulet of rage
Magical devices
 r - a wand of frost (23)
 A - a wand of draining (4)
Scrolls
 g - 9 scrolls of remove curse
 m - a scroll of magic mapping {unknown}
 o - 3 scrolls of identify
 H - a scroll of fog
 I - a scroll of silence
 J - a scroll of noise
Potions
 i - a potion of brilliance
 j - 7 potions of curing
 k - a potion of invisibility
 x - a potion of might
Miscellaneous
 b - an ornate deck of summoning {drawn: 1}
 s - a plain deck of destruction {drawn: 3}
Comestibles
 c - 4 bread rations
 f - 2 slices of pizza
 n - a meat ration
 v - 2 beef jerkies


   Skills:
 - Level 4.0 Fighting
 + Level 8.4 Long Blades
 - Level 1.7 Armour
 - Level 0.8 Dodging


You had 6 spell levels left.
You didn't know any spells.

Dungeon Overview and Level Annotations

Branches:
Dungeon (6/15)             Temple (0/1) D:6

Altars:
Ashenzari
Elyvilon
Fedhas
Ru

Shops:
D:5 ?


Innate Abilities, Weirdness & Mutations

You have a pair of small horns on your head.
You are mostly covered in iridescent scales (AC +6).
Scrolls take you a little longer to read.
You are very dopey. (Int -4)
Your system is resistant to poisons.
You are weak. (Str -2)
You expend magic power (3 MP) to strengthen your wands.


Message History

The ogre closely misses you.
Your ufetubus hits the ogre. x2
The orc skeleton closely misses your ufetubus.
Your ufetubus hits the ogre.
Your ufetubus barely misses the ogre.
Your ufetubus barely misses the ogre. x2
The orc skeleton hits your ufetubus but does no damage.
Your ufetubus hits the orc skeleton. x3
The orc skeleton is destroyed!
The ogre hits you with a giant club!!
* * * LOW HITPOINT WARNING * * *
Read which item? (? for menu, Esc to quit)
Okay, then.
Drink which item? (? for menu, Esc to quit)
It was a potion of resistance.
You feel protected.
A tomahawk appears from out of your range of vision.
The tomahawk barely misses your ufetubus.
The ogre hits you with a giant club!!
You die...
Xom chuckles heartily!

....## '.'##...#....+ +... #....#
#...#...# ...####... #....#
#...#...##'#...####' ##'#.#
#...#......+...#.... ##.#.#
#...'......#...'.... +..###
#..5#'####.#...#.##+ ##..'#
#...#.####.#...#.##. ##.)####
#####..O'......'...+..'.
...###'###'#....@######.#...#####
##.#..........#'#######.##...####
##.+..........'..........#...#...
.+.#..........#..........#...#...
##.#.....(....#..........+...+...
##.#..........#.[###'###'#...####
#..#.....###'##..###.##....######
'..'.....#....#...#...+....#.....
#.)#.....'....+)).'(..#....'.....


You could see an ogre (berserk) and a friendly ufetubus.

Vanquished Creatures
  A black bear (D:6)
  An ogre (D:3)
  A centaur (D:5)
  An orc warrior (D:6)
  5 orc priests
  2 giant frog skeletons (D:4)
  An iguana (D:6)
  A hound (D:3)
  3 orc wizards (D:6)
  Natasha (thrice) (D:3)
  A worker ant (D:4)
  A hound zombie (D:5)
  8 adders
  An adder (shapeshifter) (D:2)
  A gnoll (D:3)
  A shadow imp (D:5)
  An ooze (D:1)
  3 worms (D:2)
  3 giant geckos
  13 orcs
  5 bats
  17 goblins
  9 hobgoblins
  6 jackals
  4 quokkas
  5 giant cockroaches
  A giant gecko skeleton (D:5)
  7 giant newts
  9 kobolds
  A quokka zombie (D:6)
  9 rats
125 creatures vanquished.

Vanquished Creatures (collateral kills)
  A hound (D:3)
  An adder (D:6)
  An orc (D:6)
  An orc skeleton (D:6)
4 creatures vanquished.

Vanquished Creatures (others)
  An orc wizard (D:6)
1 creature vanquished.

Grand Total: 130 creatures vanquished

Notes
Turn   | Place    | Note
--------------------------------------------------------------
     0 | D:1      | Monkaria the Demonspawn Chaos Knight began the quest for the Orb.
     0 | D:1      | Reached XP level 1. HP: 18/18 MP: 1/1
   196 | D:1      | XOM: silly message
   286 | D:1      | Gained mutation: You are partially covered in iridescent scales (AC +4). [demonic ancestry]
   286 | D:1      | Reached XP level 2. HP: 16/24 MP: 2/2
   465 | D:1      | Reached skill level 4 in Fighting
   493 | D:1      | XOM: harmless Necr miscast
   941 | D:2      | Reached XP level 3. HP: 21/30 MP: 3/3
  1535 | D:2      | XOM: divination: detect creatures
  1557 | D:2      | XOM: give mutations
  1557 | D:2      | Gained mutation: You are dopey. (Int -2) [Xom's mischief]
  1557 | D:2      | Gained mutation: You are weak. (Str -2) [Xom's mischief]
  1557 | D:2      | Gained mutation: Your system is resistant to poisons. [Xom's mischief]
  1576 | D:2      | XOM: colour smoke trail
  1612 | D:2      | XOM: give mutations
  1612 | D:2      | Gained mutation: You are very dopey. (Int -4) [Xom's mischief]
  1612 | D:2      | Gained mutation: You expend magic power (3 MP) to strengthen your wands. [Xom's mischief]
  1612 | D:2      | Gained mutation: Scrolls take you a little longer to read. [Xom's mischief]
  1613 | D:2      | XOM: mild Fire miscast
  1723 | D:3      | XOM: fog
  1727 | D:2      | Gained mutation: You have a pair of small horns on your head. [demonic ancestry]
  1727 | D:2      | Reached XP level 4. HP: 33/37 MP: 4/4
  1920 | D:2      | XOM: 2-stop teleportation journey
  1952 | D:2      | XOM: god gift: +8 glaive of the Guard {elec, +Rage AC+5 SInv}
  2017 | D:3      | XOM: enchant monster (good)
  2177 | D:3      | Noticed Natasha
  2186 | D:3      | Killed Natasha
  2186 | D:3      | Reached XP level 5. HP: 15/42 MP: 5/5
  2219 | D:3      | XOM: vitrification
  2271 | D:3      | Noticed an ogre
  2277 | D:3      | XOM: summons 3 friendly demons
  2290 | D:3      | Killed an ogre
  2290 | D:3      | Reached skill level 5 in Long Blades
  2298 | D:3      | XOM: 1-stop teleportation journey
  2468 | D:3      | Noticed Natasha
  2472 | D:3      | Killed Natasha
  2500 | D:3      | Reached XP level 6. HP: 41/48 MP: 6/6
  2547 | D:3      | Noticed Natasha
  2554 | D:3      | Killed Natasha
  2575 | D:3      | XOM: god gift: plain deck of cards {god gift}
  2836 | D:4      | Reached skill level 6 in Long Blades
  3018 | D:4      | XOM: cast spell 'Ice Form'
  3108 | D:4      | XOM: noise
  3360 | D:4      | XOM: colour smoke trail
  3367 | D:4      | XOM: mild Conj miscast
  3405 | D:4      | Found a white marble altar of Elyvilon.
  3413 | D:4      | Found a blossoming altar of Fedhas.
  3417 | D:4      | Found a sacrificial altar of Ru.
  3997 | D:5      | Entered Level 5 of the Dungeon
  4048 | D:4      | XOM: medium Air miscast
  4097 | D:4      | XOM: god gift: ornate deck of cards {god gift}
  4324 | D:5      | Gained mutation: You are mostly covered in iridescent scales (AC +6). [demonic ancestry]
  4324 | D:5      | Reached XP level 7. HP: 54/54 MP: 7/7
  4339 | D:5      | XOM: silly message
  4555 | D:5      | XOM: summons 4 friendly demons
  4557 | D:5      | Reached skill level 7 in Long Blades
  4632 | D:5      | Found Aciryz's Magic Scroll Emporium.
  4644 | D:5      | Bought a scroll of fog for 30 gold pieces
  4644 | D:5      | Bought a scroll of silence for 112 gold pieces
  4644 | D:5      | Bought a scroll of identify for 30 gold pieces
  4644 | D:5      | Bought a scroll of noise for 15 gold pieces
  4644 | D:5      | Bought a scroll of identify for 30 gold pieces
  4729 | D:6      | Found a shattered altar of Ashenzari.
  4824 | D:6      | XOM: enchant monster (good)
  5036 | D:6      | XOM: noise
  5163 | D:6      | Reached skill level 8 in Long Blades
  5237 | D:6      | Found a staircase to the Ecumenical Temple.
  5492 | D:6      | XOM: summons friendly ufetubus
  5498 | D:6      | Mangled by an ogre

Vault maps used:
D:1:      lemuel_arrival_room
D:3:      cheibrodos_gnoll_hut, uniq_natasha
D:4:      minmay_overflow_temple_star_quad
D:5:      first_bread, serial_shops, shop_scrolls, hex_medium
D:6:      ashenzari_conservatory_becter, temple_statues,
          nicolae_ossuary_entry_catacombs

Action                   |  1- 3 |  4- 6 |  7- 9 || total
-------------------------+-------+-------+-------++-------
Melee: Falchion          |   115 |   226 |    73 ||   414
       Unarmed           |       |     5 |       ||     5
Evoke: Deck              |       |       |     4 ||     4
  Use: Scroll            |       |     1 |    12 ||    13
       Potion            |       |       |     3 ||     3
 Stab: Petrified         |       |     2 |       ||     2
       Paralysed         |       |     3 |     3 ||     6
       Confused          |       |     1 |       ||     1
       Sleeping          |       |     1 |       ||     1
  Eat: Chunk             |     2 |     9 |     4 ||    15
